 Dungeon Crawl Stone Soup version 0.27.0-1-g7a089689b8 (webtiles) character file.

Game seed: 17394383666889993637

21 snetch the Magician (level 3, 0/25 HPs)
             Began as a Djinni Fire Elementalist on Aug 12, 2021.
             Slain by a bat (1 damage)
             ... on level 1 of the Dungeon on Aug 13, 2021.
             The game lasted 00:02:57 (1136 turns).

snetch the Magician (Djinni Fire Elementalist)      Turns: 1136, Time: 00:02:57

Health: 0/25       AC:  2    Str:  7    XL:     3   Next: 2%
Gold:   25         EV: 12    Int: 17    God:
                   SH:  0    Dex: 13

rFire    + + .     SeeInvis .   (no weapon)
rCold    x . .     Faith    .   (no shield)
rNeg     . . .     Spirit   .   a - +0 robe
rPois    ∞         Reflect  .   (no helmet)
rElec    .         Harm     .   (no cloak)
rCorr    .         Rampage  .   (no gloves)
Will     .....                  (boots unavailable)
Stlth    ++........             (no amulet)
HPRegen  0.08/turn              (no ring)
MPRegen  0.00/turn              (no ring)

@: flying
A: sickness immunity, fire resistance 2, cold vulnerability 1, float, innate
caster, hp casting, extra vitality 1
a: no special abilities


You were on level 1 of the Dungeon.
You visited 1 branch of the dungeon, and saw 2 of its levels.

You collected 25 gold pieces.

Inventory:

Missiles
 b - 11 stones
Armour
 a - a +0 robe (worn)
Scrolls
 e - 2 scrolls of immolation {unknown}
 f - a scroll of teleportation {unknown}
 h - a scroll of acquirement {unknown}
Potions
 c - a potion of lignification {unknown}
 d - a potion of brilliance {unknown}
 g - a potion of heal wounds {unknown}


   Skills:
 + Level 2.3 Dodging
 + Level 1.7 Stealth
 + Level 3.0 Spellcasting


You couldn't memorise any spells.
You knew the following spells:

 Your Spells              Type           Power      Damage    Failure   Level
a - Foxfire               Conj/Fire      52%        2x1d6     4%          1
b - Conjure Flame         Conj/Fire      13%        6-21      14%         3
c - Inner Flame           Hex/Fire       13%        N/A       14%         3
d - Sticky Flame          Conj/Fire      13%        2d4       43%         4
e - Fireball              Conj/Fire      6%         3d5       80%         5
f - Corona                Hex            14%        N/A       4%          1
Your spell library was empty.

Dungeon Overview and Level Annotations

Branches:
Dungeon (2/15)

Altars:


Innate Abilities, Weirdness & Mutations

You are immune to sickness and miasma.
You are immune to poison.
Your flesh is very heat resistant. (rF++)
You are vulnerable to cold. (rC-)
You float through the air rather than walking.
You learn spells naturally, not from books.
Your magical power is your life essence.
You have superior vitality. (+4 HP)


Message History

The bat closely misses you. The goblin hits you with a +0 club.
The hobgoblin hits you.
You smother the flame.
The bat hits you but does no damage. The bat hits you. The jackal bites you.
The hobgoblin closely misses you.
You barely miss the bat. The bat hits you but does no damage. x2
The jackal completely misses you. The hobgoblin closely misses you.
The goblin barely misses you.
Unknown command.
You hit the bat but do no damage. The bat barely misses you.
The jackal bites you.
* * * LOW HITPOINT WARNING * * *
The goblin hits you but does no damage. The hobgoblin closely misses you.
The jackal bites you.
* * * LOW HITPOINT WARNING * * *
The bat barely misses you.
You hit the bat.
The bat is moderately wounded.
The bat barely misses you. The bat hits you but does no damage.
The jackal closely misses you. The bat barely misses you.
You closely miss the bat.
The bat is moderately wounded.
The jackal barely misses you. The bat hits you but does no damage.
The jackal bites you.
* * * LOW HITPOINT WARNING * * *
The bat misses you.
You closely miss the bat.
The bat is moderately wounded.
The bat hits you.
* * * LOW HITPOINT WARNING * * *
The jackal bites you but does no damage.
The bat closely misses you.
You closely miss the bat.
The bat is moderately wounded.
The jackal barely misses you. The bat barely misses you. The jackal misses you.
The bat misses you.
You miss the bat.
The bat is moderately wounded.
The bat barely misses you. The jackal closely misses you.
The bat closely misses you. The bat hits you.
You die...

#. ..# ..# ##.## #.#
######.# .... #.#
##....#.#
...#.#.##....#.#
.####.#.#.##......######
.......gh..+............
#####.#.####...†########
.. #h# ####.#
######@#######.#
........b.......########
#######.................
############PPPPPP


#PPPPPP #PPPP.. #PPP.PP #PPP.PP #PP.PP. You could see 2 jackals, a goblin and a
bat.

Vanquished Creatures
  A dart slug (D:1)
  4 ball pythons (D:1)
  2 bats (D:1)
  2 endoplasms (D:1)
  A goblin (D:2)
  A hobgoblin (D:1)
  3 kobolds (D:1)
  3 rats (D:1)
17 creatures vanquished.

Vanquished Creatures (collateral kills)
  2 foxfires (D:1)
2 creatures vanquished.

Vanquished Creatures (others)
  68 foxfires
68 creatures vanquished.

Grand Total: 87 creatures vanquished

Notes
Turn   | Place    | Note
-------+----------+-------------------------------------------
     0 | D:1      | snetch the Djinni Fire Elementalist began the quest for the
                  | Orb.
     0 | D:1      | Reached XP level 1. HP: 15/15 MP: 0/0
   249 | D:1      | Reached XP level 2. HP: 17/21 MP: 0/0
   821 | D:1      | Reached skill level 3 in Spellcasting
   990 | D:1      | Reached XP level 3. HP: 23/25 MP: 0/0
   990 | D:1      | Learned a level 1 spell: Corona
  1133 | D:1      | HP: 1/25 [bat (1)]
  1136 | D:1      | Slain by a bat

Illustrated notes

Levels and vault maps discovered:
D:1:      roderic_crop_circles_arrival_small, layout_basic, kennysheep_boxes
D:2:      layout_rooms, ebering_ecumenical_altar_abandoned,
          corexii_leaking_fountain

Skill      XL: |  1  2 |
---------------+-------+-----
Spellcasting   | 3 |  3.0
Dodging        | |  2.3
Stealth        | |  1.7

Action                   || total
-------------------------++-------
Melee: Unarmed           ||     7
 Cast: Foxfire           ||    39
       Conjure Flame     ||     1
Armor: Robe              ||    11
Dodge: Dodged            ||    31
